[ AOE2 MATCH · #463830471 ]
UnrankedHindustanis vs Franks
[ REPLAY ANALYSIS · EXTRACTED FROM THE RECORDED GAME ]
Feudal
—
Castle
—
Imperial
—
| APM avg | 41.3 |
| APM peak | 145 |
| eAPM avg | 40.4 |
| Villagers / military | 138 / 1559 |
Focus
⚔️ 52.6% · 🌾 47.4%
Camel Scout ×787 · Ghulam ×236 · Cavalry Archer ×193 · Scout Cavalry ×143 · Bombard Cannon ×101 · Trade Cart ×89
Feudal
—
Castle
—
Imperial
—
| APM avg | 12.5 |
| APM peak | 115 |
| eAPM avg | 12.1 |
| Villagers / military | 71 / 586 |
Focus
⚔️ 66.7% · 🌾 33.3%
Hand Cannoneer ×303 · Bombard Cannon ×203 · Knight ×63 · Trade Cart ×32 · Monk ×10 · Mangonel ×7
Feudal
—
Castle
—
Imperial
—
| APM avg | 51.7 |
| APM peak | 134 |
| eAPM avg | 42.0 |
| Villagers / military | 140 / 1081 |
Focus
⚔️ 46.1% · 🌾 53.9%
War Elephant ×807 · Trade Cart ×108 · Scorpion ×99 · Camel Scout ×56 · Battering Ram ×44 · Bombard Cannon ×38
Feudal
—
Castle
—
Imperial
—
| APM avg | 23.6 |
| APM peak | 121 |
| eAPM avg | 21.7 |
| Villagers / military | 283 / 1112 |
Focus
⚔️ 19.4% · 🌾 80.6%
War Elephant ×1102 · Trade Cart ×148 · Mangonel ×10
Feudal
—
Castle
—
Imperial
—
| APM avg | 8.8 |
| APM peak | 59 |
| eAPM avg | 8.0 |
| Villagers / military | 315 / 818 |
Focus
⚔️ 41.5% · 🌾 58.5%
Arambai ×290 · Mangonel ×265 · Bombard Cannon ×255 · Trade Cart ×127 · Monk ×8
Feudal
—
Castle
—
Imperial
—
| APM avg | 10.3 |
| APM peak | 71 |
| eAPM avg | 9.7 |
| Villagers / military | 280 / 510 |
Focus
⚔️ 20.3% · 🌾 79.7%
Spearman ×195 · Serjeant ×180 · Mangonel ×110 · Battering Ram ×25
Feudal
—
Castle
—
Imperial
—
| APM avg | 6.5 |
| APM peak | 57 |
| eAPM avg | 4.8 |
| Villagers / military | 104 / 107 |
Focus
⚔️ 34.8% · 🌾 65.2%
Throwing Axeman ×54 · Militia ×37 · Monk ×6 · Battering Ram ×4 · Mangonel ×3 · Bombard Cannon ×3
Feudal
—
Castle
—
Imperial
—
| APM avg | 27.9 |
| APM peak | 97 |
| eAPM avg | 21.3 |
| Villagers / military | 67 / 1476 |
Focus
⚔️ 29.5% · 🌾 70.5%
Spearman ×380 · Scorpion ×310 · Scout Cavalry ×260 · War Elephant ×209 · Knight ×205 · Bombard Cannon ×65
Match map
Resources at game start + every placement click. Thick line = wall · dashed box = detected house wall. 🟡 gold · ⚪ stone · 🟢 berries · 🔶 boar · ⭕ relic
Inputs per minute
— RogueBongo1669 - - cyril.gueix
Build order — RogueBongo1669
First 150 of 1952 actions detected
| 0:10 | Build | Town Center |
| 0:14 | Create | Villager (Male) |
| 0:15 | Create | Villager (Male) |
| 0:15 | Create | Villager (Male) |
| 0:16 | Create | Villager (Male) |
| 0:16 | Create | Villager (Male) |
| 0:16 | Create | Villager (Male) |
| 0:17 | Create | Villager (Male) |
| 0:33 | Build | Town Center |
| 0:47 | Build | House |
| 0:49 | Build | House |
| 0:50 | Build | House |
| 0:51 | Build | House |
| 1:19 | Build | Town Center |
| 1:29 | Create | Villager (Male) |
| 1:29 | Create | Villager (Male) |
| 1:29 | Create | Villager (Male) |
| 1:30 | Create | Villager (Male) |
| 1:31 | Create | Villager (Male) |
| 1:31 | Create | Villager (Male) |
| 1:31 | Create | Villager (Male) |
| 1:32 | Create | Villager (Male) |
| 1:32 | Create | Villager (Male) |
| 1:32 | Create | Villager (Male) |
| 1:33 | Create | Villager (Male) |
| 1:33 | Create | Villager (Male) |
| 1:33 | Create | Villager (Male) |
| 1:34 | Create | Villager (Male) |
| 1:34 | Create | Villager (Male) |
| 1:50 | Build | Market |
| 1:56 | Build | Market |
| 2:01 | Build | Market |
| 2:10 | Build | Market |
| 2:15 | Build | Market |
| 2:26 | Build | Market |
| 2:45 | Create | Villager (Male) |
| 2:46 | Create | Villager (Male) |
| 2:46 | Create | Villager (Male) |
| 2:46 | Create | Villager (Male) |
| 2:47 | Create | Villager (Male) |
| 2:47 | Create | Villager (Male) |
| 2:47 | Create | Villager (Male) |
| 2:48 | Create | Villager (Male) |
| 2:48 | Create | Villager (Male) |
| 2:48 | Create | Villager (Male) |
| 2:49 | Create | Villager (Male) |
| 2:49 | Create | Villager (Male) |
| 3:25 | Build | Mining Camp |
| 4:00 | Build | Town Center |
| 4:16 | Create | Villager (Male) |
| 4:16 | Create | Villager (Male) |
| 4:16 | Create | Villager (Male) |
| 4:17 | Create | Villager (Male) |
| 4:17 | Create | Villager (Male) |
| 4:17 | Create | Villager (Male) |
| 4:18 | Create | Villager (Male) |
| 4:18 | Create | Villager (Male) |
| 4:18 | Create | Villager (Male) |
| 4:19 | Create | Villager (Male) |
| 4:19 | Create | Villager (Male) |
| 4:19 | Create | Villager (Male) |
| 4:20 | Create | Villager (Male) |
| 4:20 | Create | Villager (Male) |
| 4:21 | Create | Villager (Male) |
| 4:21 | Create | Villager (Male) |
| 4:36 | Build | Market |
| 4:42 | Build | Market |
| 4:48 | Build | Market |
| 4:55 | Build | Market |
| 5:01 | Build | Market |
| 5:14 | Create | Trade Cart |
| 5:14 | Create | Trade Cart |
| 5:15 | Create | Trade Cart |
| 5:15 | Create | Trade Cart |
| 5:15 | Create | Trade Cart |
| 5:16 | Create | Trade Cart |
| 5:16 | Create | Trade Cart |
| 5:16 | Create | Trade Cart |
| 5:17 | Create | Trade Cart |
| 5:17 | Create | Trade Cart |
| 5:17 | Create | Trade Cart |
| 5:18 | Create | Trade Cart |
| 5:18 | Create | Trade Cart |
| 5:18 | Create | Trade Cart |
| 5:19 | Create | Trade Cart |
| 5:19 | Create | Trade Cart |
| 5:20 | Create | Trade Cart |
| 5:20 | Create | Trade Cart |
| 5:20 | Create | Trade Cart |
| 5:21 | Create | Trade Cart |
| 5:21 | Create | Trade Cart |
| 5:21 | Create | Trade Cart |
| 5:22 | Create | Trade Cart |
| 5:22 | Create | Trade Cart |
| 5:23 | Create | Trade Cart |
| 5:23 | Create | Trade Cart |
| 5:24 | Create | Trade Cart |
| 5:24 | Create | Trade Cart |
| 5:24 | Create | Trade Cart |
| 5:25 | Create | Trade Cart |
| 5:25 | Create | Trade Cart |
| 5:26 | Create | Trade Cart |
| 5:26 | Create | Trade Cart |
| 5:26 | Create | Trade Cart |
| 5:35 | Build | Mining Camp |
| 5:46 | Build | House |
| 5:47 | Build | House |
| 5:48 | Build | House |
| 5:50 | Build | House |
| 5:51 | Build | House |
| 5:54 | Build | House |
| 6:24 | Build | Castle |
| 6:33 | Build | Castle |
| 6:40 | Build | Castle |
| 6:49 | Build | Castle |
| 7:12 | Create | Trade Cart |
| 7:12 | Create | Trade Cart |
| 7:13 | Create | Trade Cart |
| 7:13 | Create | Trade Cart |
| 7:13 | Create | Trade Cart |
| 7:14 | Create | Trade Cart |
| 7:14 | Create | Trade Cart |
| 7:14 | Create | Trade Cart |
| 7:15 | Create | Trade Cart |
| 7:15 | Create | Trade Cart |
| 7:15 | Create | Trade Cart |
| 7:16 | Create | Trade Cart |
| 7:16 | Create | Trade Cart |
| 7:17 | Create | Trade Cart |
| 7:17 | Create | Trade Cart |
| 7:17 | Create | Trade Cart |
| 7:18 | Create | Trade Cart |
| 7:18 | Create | Trade Cart |
| 7:18 | Create | Trade Cart |
| 7:19 | Create | Trade Cart |
| 7:19 | Create | Trade Cart |
| 7:19 | Create | Trade Cart |
| 7:20 | Create | Trade Cart |
| 7:20 | Create | Trade Cart |
| 7:21 | Create | Trade Cart |
| 7:21 | Create | Trade Cart |
| 7:32 | Build | Siege Workshop |
| 7:38 | Build | Siege Workshop |
| 7:43 | Build | Siege Workshop |
| 7:56 | Build | House |
| 7:57 | Build | House |
| 7:58 | Build | House |
| 8:00 | Build | House |
| 8:03 | Build | House |
| 8:13 | Build | House |
Build order — cyril.gueix
First 150 of 871 actions detected
| 0:16 | Build | Market |
| 0:18 | Build | Market |
| 0:20 | Build | Market |
| 0:31 | Create | Villager (Male) |
| 0:31 | Create | Villager (Male) |
| 0:32 | Create | Villager (Male) |
| 0:32 | Create | Villager (Male) |
| 0:32 | Create | Villager (Male) |
| 0:33 | Create | Villager (Male) |
| 0:33 | Create | Villager (Male) |
| 0:33 | Create | Villager (Male) |
| 0:33 | Create | Villager (Male) |
| 0:34 | Create | Villager (Male) |
| 0:34 | Create | Villager (Male) |
| 0:34 | Create | Villager (Male) |
| 0:35 | Create | Villager (Male) |
| 0:35 | Create | Villager (Male) |
| 0:35 | Create | Villager (Male) |
| 0:59 | Build | Town Center |
| 1:22 | Build | Town Center |
| 1:34 | Build | House |
| 1:35 | Build | House |
| 1:37 | Build | House |
| 1:39 | Build | House |
| 1:41 | Build | House |
| 1:42 | Build | House |
| 1:53 | Build | House |
| 1:55 | Build | House |
| 2:00 | Build | House |
| 2:02 | Build | House |
| 2:04 | Build | House |
| 2:09 | Build | House |
| 2:11 | Build | House |
| 2:14 | Build | House |
| 2:17 | Build | House |
| 2:19 | Build | House |
| 2:21 | Build | House |
| 2:22 | Build | House |
| 2:24 | Build | House |
| 2:27 | Build | House |
| 2:39 | Create | Villager (Male) |
| 2:39 | Create | Villager (Male) |
| 2:40 | Create | Villager (Male) |
| 2:40 | Create | Villager (Male) |
| 2:40 | Create | Villager (Male) |
| 2:41 | Create | Villager (Male) |
| 2:41 | Create | Villager (Male) |
| 2:41 | Create | Villager (Male) |
| 2:42 | Create | Villager (Male) |
| 2:42 | Create | Villager (Male) |
| 2:43 | Create | Villager (Male) |
| 2:43 | Create | Villager (Male) |
| 2:43 | Create | Villager (Male) |
| 2:44 | Create | Villager (Male) |
| 2:44 | Create | Villager (Male) |
| 2:44 | Create | Villager (Male) |
| 2:55 | Create | Villager (Male) |
| 2:55 | Create | Villager (Male) |
| 2:56 | Create | Villager (Male) |
| 2:56 | Create | Villager (Male) |
| 2:56 | Create | Villager (Male) |
| 2:56 | Create | Villager (Male) |
| 2:57 | Create | Villager (Male) |
| 2:57 | Create | Villager (Male) |
| 2:57 | Create | Villager (Male) |
| 2:58 | Create | Villager (Male) |
| 2:58 | Create | Villager (Male) |
| 2:58 | Create | Villager (Male) |
| 2:59 | Create | Villager (Male) |
| 2:59 | Create | Villager (Male) |
| 2:59 | Create | Villager (Male) |
| 3:00 | Create | Villager (Male) |
| 3:19 | Create | Trade Cart |
| 3:20 | Create | Trade Cart |
| 3:20 | Create | Trade Cart |
| 3:21 | Create | Trade Cart |
| 3:21 | Create | Trade Cart |
| 3:21 | Create | Trade Cart |
| 3:22 | Create | Trade Cart |
| 3:22 | Create | Trade Cart |
| 3:22 | Create | Trade Cart |
| 3:22 | Create | Trade Cart |
| 3:23 | Create | Trade Cart |
| 3:23 | Create | Trade Cart |
| 3:24 | Create | Trade Cart |
| 3:24 | Create | Trade Cart |
| 3:24 | Create | Trade Cart |
| 3:25 | Create | Trade Cart |
| 3:42 | Create | Trade Cart |
| 3:42 | Create | Trade Cart |
| 3:43 | Create | Trade Cart |
| 3:43 | Create | Trade Cart |
| 3:43 | Create | Trade Cart |
| 3:44 | Create | Trade Cart |
| 3:44 | Create | Trade Cart |
| 3:44 | Create | Trade Cart |
| 3:45 | Create | Trade Cart |
| 3:45 | Create | Trade Cart |
| 3:45 | Create | Trade Cart |
| 3:46 | Create | Trade Cart |
| 3:46 | Create | Trade Cart |
| 3:46 | Create | Trade Cart |
| 3:47 | Create | Trade Cart |
| 3:47 | Create | Trade Cart |
| 5:03 | Build | Farm |
| 5:11 | Create | Villager (Male) |
| 5:12 | Create | Villager (Male) |
| 5:12 | Create | Villager (Male) |
| 5:12 | Create | Villager (Male) |
| 5:13 | Create | Villager (Male) |
| 5:13 | Create | Villager (Male) |
| 5:13 | Create | Villager (Male) |
| 5:59 | Build | Stable |
| 6:00 | Build | Stable |
| 6:11 | Build | Siege Workshop |
| 6:16 | Build | Siege Workshop |
| 6:20 | Build | Siege Workshop |
| 6:29 | Build | Siege Workshop |
| 6:41 | Build | Monastery |
| 6:53 | Create | Villager (Male) |
| 6:54 | Create | Villager (Male) |
| 6:54 | Create | Villager (Male) |
| 6:54 | Create | Villager (Male) |
| 7:08 | Create | Monk |
| 7:08 | Create | Monk |
| 7:09 | Create | Monk |
| 7:09 | Create | Monk |
| 7:10 | Create | Monk |
| 7:10 | Create | Monk |
| 7:10 | Create | Monk |
| 7:35 | Build | Farm |
| 8:10 | Create | Villager (Male) |
| 8:10 | Create | Villager (Male) |
| 8:11 | Create | Villager (Male) |
| 8:11 | Create | Villager (Male) |
| 8:12 | Create | Villager (Male) |
| 8:12 | Create | Villager (Male) |
| 8:12 | Create | Villager (Male) |
| 8:12 | Create | Villager (Male) |
| 8:13 | Create | Villager (Male) |
| 8:13 | Create | Villager (Male) |
| 8:13 | Create | Villager (Male) |
| 8:14 | Create | Villager (Male) |
| 8:14 | Create | Villager (Male) |
| 8:42 | Build | Archery Range |
| 8:43 | Build | Archery Range |
| 8:45 | Build | Archery Range |
| 8:47 | Build | Archery Range |
| 8:49 | Build | Archery Range |
| 8:51 | Build | Archery Range |
Build order — nff
First 150 of 1621 actions detected
| 0:06 | Create | Villager (Male) |
| 0:06 | Create | Villager (Male) |
| 0:06 | Create | Villager (Male) |
| 0:06 | Create | Villager (Male) |
| 0:06 | Create | Villager (Male) |
| 0:15 | Build | Market |
| 0:17 | Build | Market |
| 0:17 | Build | Market |
| 0:18 | Build | Market |
| 0:26 | Build | House |
| 0:27 | Build | House |
| 0:28 | Build | House |
| 0:29 | Build | House |
| 0:30 | Build | House |
| 0:32 | Build | House |
| 0:33 | Build | House |
| 0:33 | Build | House |
| 0:35 | Build | House |
| 0:36 | Build | House |
| 0:39 | Build | House |
| 0:39 | Build | House |
| 1:10 | Build | Stone Wall |
| 1:15 | Build | Building 673 |
| 1:22 | Build | Building 673 |
| 1:27 | Build | Farm |
| 1:28 | Build | Farm |
| 1:29 | Create | Villager (Male) |
| 1:29 | Create | Villager (Male) |
| 1:29 | Create | Villager (Male) |
| 1:31 | Create | Villager (Male) |
| 1:31 | Create | Villager (Male) |
| 1:31 | Create | Villager (Male) |
| 1:31 | Create | Villager (Male) |
| 1:31 | Create | Villager (Male) |
| 1:31 | Create | Villager (Male) |
| 1:32 | Create | Villager (Male) |
| 1:32 | Create | Villager (Male) |
| 1:37 | Build | Market |
| 1:39 | Build | Market |
| 1:39 | Build | Market |
| 1:47 | Build | Market |
| 1:53 | Build | Market |
| 1:53 | Build | Market |
| 2:00 | Create | Villager (Male) |
| 2:02 | Create | Villager (Male) |
| 2:02 | Create | Villager (Male) |
| 2:02 | Create | Villager (Male) |
| 2:03 | Create | Villager (Male) |
| 2:05 | Build | Town Center |
| 2:26 | Build | Town Center |
| 2:29 | Build | House |
| 2:30 | Build | House |
| 2:31 | Build | House |
| 2:32 | Build | House |
| 2:33 | Build | House |
| 2:34 | Build | House |
| 2:35 | Build | House |
| 2:36 | Build | House |
| 2:38 | Build | House |
| 2:58 | Create | Spearman |
| 2:58 | Create | Spearman |
| 2:58 | Create | Spearman |
| 2:59 | Create | Spearman |
| 2:59 | Create | Spearman |
| 2:59 | Create | Spearman |
| 3:07 | Build | Farm |
| 3:08 | Build | Farm |
| 3:09 | Build | Farm |
| 3:10 | Build | Farm |
| 3:12 | Build | Farm |
| 3:13 | Build | Farm |
| 3:14 | Build | Farm |
| 3:16 | Create | Villager (Male) |
| 3:16 | Create | Villager (Male) |
| 3:16 | Create | Villager (Male) |
| 3:16 | Create | Villager (Male) |
| 3:17 | Create | Villager (Male) |
| 3:17 | Create | Villager (Male) |
| 3:22 | Build | Town Center |
| 3:33 | Create | Trade Cart |
| 3:33 | Create | Trade Cart |
| 3:33 | Create | Trade Cart |
| 3:33 | Create | Trade Cart |
| 3:33 | Create | Trade Cart |
| 3:34 | Create | Trade Cart |
| 3:34 | Create | Trade Cart |
| 3:34 | Create | Trade Cart |
| 3:35 | Create | Trade Cart |
| 3:35 | Create | Trade Cart |
| 3:35 | Create | Trade Cart |
| 3:36 | Create | Trade Cart |
| 3:36 | Create | Trade Cart |
| 3:43 | Create | Villager (Male) |
| 3:44 | Create | Villager (Male) |
| 3:44 | Create | Villager (Male) |
| 3:44 | Create | Villager (Male) |
| 3:45 | Create | Villager (Male) |
| 3:45 | Create | Villager (Male) |
| 3:45 | Create | Villager (Male) |
| 3:51 | Build | Town Center |
| 3:52 | Create | Villager (Male) |
| 3:53 | Create | Villager (Male) |
| 3:53 | Create | Villager (Male) |
| 3:54 | Create | Villager (Male) |
| 3:55 | Create | Villager (Male) |
| 3:55 | Create | Villager (Male) |
| 3:56 | Create | Villager (Male) |
| 3:56 | Create | Villager (Male) |
| 3:56 | Create | Villager (Male) |
| 3:57 | Create | Villager (Male) |
| 3:57 | Create | Villager (Male) |
| 3:58 | Create | Villager (Male) |
| 3:58 | Create | Villager (Male) |
| 3:58 | Create | Villager (Male) |
| 3:59 | Create | Villager (Male) |
| 3:59 | Create | Villager (Male) |
| 3:59 | Create | Villager (Male) |
| 4:07 | Build | Monastery |
| 4:11 | Create | Villager (Male) |
| 4:11 | Create | Villager (Male) |
| 4:12 | Create | Villager (Male) |
| 4:12 | Create | Villager (Male) |
| 4:12 | Create | Villager (Male) |
| 4:13 | Create | Villager (Male) |
| 4:13 | Create | Villager (Male) |
| 4:13 | Create | Villager (Male) |
| 4:14 | Create | Villager (Male) |
| 4:14 | Create | Villager (Male) |
| 4:16 | Create | Trade Cart |
| 4:16 | Create | Trade Cart |
| 4:16 | Create | Trade Cart |
| 4:17 | Create | Trade Cart |
| 4:17 | Create | Trade Cart |
| 4:17 | Create | Trade Cart |
| 4:26 | Build | Lumber Camp |
| 4:30 | Create | Villager (Male) |
| 4:31 | Create | Villager (Male) |
| 4:31 | Create | Villager (Male) |
| 4:31 | Create | Villager (Male) |
| 4:32 | Create | Villager (Male) |
| 4:32 | Create | Villager (Male) |
| 4:32 | Create | Villager (Male) |
| 4:41 | Build | Lumber Camp |
| 4:44 | Create | Villager (Male) |
| 4:44 | Create | Villager (Male) |
| 4:44 | Create | Villager (Male) |
| 4:45 | Create | Villager (Male) |
| 4:46 | Create | Villager (Male) |
| 4:46 | Create | Villager (Male) |
| 4:46 | Create | Villager (Male) |
Build order — isaylemon
First 150 of 573 actions detected
| 0:18 | Build | Market |
| 0:34 | Build | Stone Wall |
| 0:41 | Build | Building 490 |
| 1:13 | Build | Castle |
| 1:15 | Build | Castle |
| 1:16 | Build | Castle |
| 1:29 | Build | Town Center |
| 1:30 | Build | Town Center |
| 1:33 | Build | Town Center |
| 1:34 | Build | Town Center |
| 1:39 | Build | Town Center |
| 1:41 | Build | Town Center |
| 2:03 | Create | Villager (Male) ×5 |
| 2:03 | Create | Villager (Male) ×5 |
| 2:04 | Create | Villager (Male) ×5 |
| 2:04 | Create | Villager (Male) ×5 |
| 2:20 | Build | House |
| 2:22 | Build | House |
| 2:23 | Build | House |
| 2:25 | Build | House |
| 2:26 | Build | House |
| 2:28 | Build | House |
| 2:32 | Build | House |
| 2:34 | Build | House |
| 2:36 | Build | House |
| 2:37 | Build | House |
| 2:41 | Build | House |
| 2:43 | Build | House |
| 2:44 | Build | House |
| 2:47 | Build | House |
| 2:49 | Build | House |
| 2:51 | Build | House |
| 2:52 | Build | House |
| 2:53 | Build | House |
| 3:05 | Create | Villager (Male) ×5 |
| 3:06 | Create | Villager (Male) ×5 |
| 3:06 | Create | Villager (Male) ×5 |
| 3:07 | Create | Villager (Male) ×5 |
| 3:07 | Create | Villager (Male) ×5 |
| 3:07 | Create | Villager (Male) ×5 |
| 3:08 | Create | Villager (Male) ×5 |
| 3:08 | Create | Villager (Male) ×5 |
| 3:08 | Create | Villager (Male) ×5 |
| 3:09 | Create | Villager (Male) ×5 |
| 3:09 | Create | Villager (Male) ×5 |
| 3:09 | Create | Villager (Male) ×5 |
| 3:10 | Create | Villager (Male) ×5 |
| 3:10 | Create | Villager (Male) ×3 |
| 3:22 | Build | Market |
| 3:23 | Build | Market |
| 3:27 | Build | Market |
| 3:27 | Build | Market |
| 3:29 | Build | Market |
| 3:30 | Build | Market |
| 3:32 | Build | Market |
| 3:33 | Build | Market |
| 3:36 | Build | Market |
| 3:49 | Build | Town Center |
| 3:51 | Build | Town Center |
| 4:30 | Create | Villager (Male) ×5 |
| 4:30 | Create | Villager (Male) ×5 |
| 4:30 | Create | Villager (Male) ×5 |
| 4:43 | Build | Castle |
| 4:46 | Build | Castle |
| 4:48 | Build | Castle |
| 4:52 | Build | Castle |
| 4:55 | Build | Castle |
| 4:58 | Build | Castle |
| 5:00 | Build | Castle |
| 5:14 | Create | Trade Cart ×5 |
| 5:14 | Create | Trade Cart ×5 |
| 5:14 | Create | Trade Cart ×5 |
| 5:15 | Create | Trade Cart ×5 |
| 5:15 | Create | Trade Cart ×5 |
| 5:16 | Create | Trade Cart ×2 |
| 5:32 | Create | Villager (Male) ×5 |
| 5:33 | Create | Villager (Male) ×5 |
| 5:33 | Create | Villager (Male) ×5 |
| 5:33 | Create | Villager (Male) ×5 |
| 5:34 | Create | Villager (Male) ×5 |
| 5:34 | Create | Villager (Male) ×5 |
| 5:35 | Create | Villager (Male) ×5 |
| 5:35 | Create | Villager (Male) ×5 |
| 5:35 | Create | Villager (Male) ×5 |
| 5:36 | Create | Villager (Male) ×5 |
| 5:36 | Create | Villager (Male) ×5 |
| 5:36 | Create | Villager (Male) ×5 |
| 5:44 | Build | Mining Camp |
| 5:44 | Build | Mining Camp |
| 5:46 | Build | Mining Camp |
| 6:13 | Build | House |
| 6:14 | Build | House |
| 6:15 | Build | House |
| 6:16 | Build | House |
| 6:17 | Build | House |
| 6:18 | Build | House |
| 6:19 | Build | House |
| 6:21 | Build | House |
| 6:22 | Build | House |
| 6:23 | Build | House |
| 6:36 | Create | Villager (Male) ×5 |
| 6:37 | Create | Villager (Male) ×5 |
| 6:40 | Create | Villager (Male) ×5 |
| 6:40 | Create | Villager (Male) ×5 |
| 6:41 | Create | Villager (Male) ×5 |
| 6:41 | Create | Villager (Male) ×5 |
| 6:41 | Create | Villager (Male) ×5 |
| 6:42 | Create | Villager (Male) ×5 |
| 6:42 | Create | Villager (Male) ×5 |
| 6:45 | Create | Villager (Male) ×5 |
| 6:46 | Create | Villager (Male) ×5 |
| 6:56 | Create | Trade Cart ×5 |
| 6:56 | Create | Trade Cart ×5 |
| 6:57 | Create | Trade Cart ×5 |
| 6:57 | Create | Trade Cart ×5 |
| 6:57 | Create | Trade Cart ×5 |
| 6:58 | Create | Trade Cart ×5 |
| 6:58 | Create | Trade Cart ×5 |
| 6:58 | Create | Trade Cart ×5 |
| 6:59 | Create | Trade Cart ×5 |
| 6:59 | Create | Trade Cart ×5 |
| 7:00 | Create | Trade Cart ×5 |
| 7:00 | Create | Trade Cart |
| 7:12 | Build | Farm |
| 7:13 | Build | Farm |
| 7:14 | Build | Farm |
| 7:16 | Build | Farm |
| 7:17 | Build | Farm |
| 7:20 | Build | Farm |
| 7:21 | Build | Farm |
| 7:22 | Build | Farm |
| 7:26 | Build | Mill |
| 7:29 | Build | Farm |
| 7:32 | Build | Farm |
| 7:38 | Build | Mill |
| 7:43 | Build | Farm |
| 7:45 | Build | Farm |
| 8:08 | Build | Mining Camp |
| 8:19 | Create | Villager (Male) ×5 |
| 8:19 | Create | Villager (Male) ×5 |
| 8:19 | Create | Villager (Male) ×5 |
| 8:20 | Create | Villager (Male) ×5 |
| 8:20 | Create | Villager (Male) ×5 |
| 8:21 | Create | Villager (Male) ×5 |
| 8:21 | Create | Villager (Male) ×5 |
| 8:21 | Create | Villager (Male) ×5 |
| 8:22 | Create | Villager (Male) ×5 |
| 8:22 | Create | Villager (Male) ×5 |
| 8:28 | Create | Trade Cart ×5 |
| 8:29 | Create | Trade Cart ×5 |
Build order — m9a526
First 150 of 486 actions detected
| 0:21 | Create | Villager (Male) |
| 0:21 | Create | Villager (Male) |
| 0:22 | Create | Villager (Male) |
| 0:22 | Create | Villager (Male) |
| 0:23 | Create | Villager (Male) |
| 0:23 | Create | Villager (Male) |
| 0:23 | Create | Villager (Male) |
| 0:24 | Create | Villager (Male) |
| 1:11 | Build | Mining Camp |
| 1:28 | Build | Farm |
| 1:31 | Build | Farm |
| 1:53 | Build | House |
| 1:55 | Build | House |
| 1:57 | Build | House |
| 2:01 | Build | House |
| 2:04 | Build | House |
| 2:26 | Build | Market |
| 2:38 | Build | Blacksmith |
| 3:17 | Build | Town Center |
| 3:37 | Create | Villager (Male) ×5 |
| 3:37 | Create | Villager (Male) ×5 |
| 3:38 | Create | Villager (Male) ×5 |
| 3:38 | Create | Villager (Male) ×5 |
| 3:38 | Create | Villager (Male) ×5 |
| 3:49 | Build | Farm |
| 3:51 | Build | Farm |
| 4:13 | Build | Farm |
| 4:17 | Create | Villager (Male) ×5 |
| 4:18 | Create | Villager (Male) ×5 |
| 4:18 | Create | Villager (Male) ×5 |
| 4:18 | Create | Villager (Male) ×5 |
| 4:19 | Create | Villager (Male) ×5 |
| 4:38 | Build | Farm |
| 4:45 | Build | Farm |
| 4:48 | Build | Farm |
| 5:11 | Build | House |
| 5:19 | Build | House |
| 5:22 | Build | House |
| 5:24 | Build | House |
| 5:27 | Build | House |
| 5:35 | Build | Farm |
| 6:18 | Build | Market |
| 6:20 | Build | Market |
| 7:29 | Build | Monastery |
| 7:40 | Build | House |
| 7:43 | Build | House |
| 7:51 | Build | House |
| 7:53 | Build | House |
| 8:17 | Build | Lumber Camp |
| 8:31 | Build | Mining Camp |
| 8:59 | Create | Villager (Male) ×5 |
| 8:59 | Create | Villager (Male) ×5 |
| 9:00 | Create | Villager (Male) ×5 |
| 9:00 | Create | Villager (Male) ×5 |
| 9:00 | Create | Villager (Male) ×5 |
| 9:01 | Create | Villager (Male) |
| 9:24 | Build | Castle |
| 9:35 | Create | Monk ×5 |
| 10:03 | Build | Mining Camp |
| 10:55 | Create | Villager (Male) ×4 |
| 10:56 | Create | Villager (Male) ×5 |
| 10:56 | Create | Villager (Male) ×5 |
| 10:57 | Create | Villager (Male) |
| 11:25 | Build | Town Center |
| 12:09 | Build | Castle |
| 12:57 | Create | Monk |
| 14:00 | Create | Trade Cart ×5 |
| 14:01 | Create | Trade Cart ×5 |
| 14:01 | Create | Trade Cart ×5 |
| 14:01 | Create | Trade Cart ×5 |
| 14:02 | Create | Trade Cart ×5 |
| 14:02 | Create | Trade Cart ×5 |
| 14:03 | Create | Trade Cart ×5 |
| 14:03 | Create | Trade Cart ×5 |
| 14:03 | Create | Trade Cart ×5 |
| 14:04 | Create | Trade Cart ×5 |
| 15:41 | Build | Mining Camp |
| 16:59 | Build | Lumber Camp |
| 17:39 | Build | Farm |
| 17:42 | Build | Farm |
| 18:03 | Create | Arambai ×5 |
| 18:03 | Create | Arambai ×5 |
| 18:04 | Create | Arambai ×5 |
| 18:04 | Create | Arambai ×5 |
| 18:05 | Create | Arambai ×5 |
| 18:05 | Create | Arambai ×5 |
| 18:05 | Create | Arambai ×5 |
| 19:43 | Create | Villager (Male) ×5 |
| 19:44 | Create | Villager (Male) ×5 |
| 19:44 | Create | Villager (Male) ×5 |
| 19:45 | Create | Villager (Male) ×5 |
| 19:45 | Create | Villager (Male) ×5 |
| 19:45 | Create | Villager (Male) ×5 |
| 20:15 | Create | Trade Cart ×5 |
| 20:15 | Create | Trade Cart ×5 |
| 20:15 | Create | Trade Cart ×5 |
| 20:16 | Create | Trade Cart ×5 |
| 20:16 | Create | Trade Cart ×5 |
| 20:17 | Create | Trade Cart ×5 |
| 20:17 | Create | Trade Cart |
| 20:17 | Create | Trade Cart |
| 20:18 | Create | Trade Cart |
| 20:18 | Create | Trade Cart |
| 20:56 | Build | Stone Wall |
| 21:22 | Build | Mining Camp |
| 21:46 | Build | Building 665 |
| 22:16 | Create | Arambai ×5 |
| 22:17 | Create | Arambai ×5 |
| 22:17 | Create | Arambai ×5 |
| 22:17 | Create | Arambai ×5 |
| 22:18 | Create | Arambai ×5 |
| 22:18 | Create | Arambai ×5 |
| 22:19 | Create | Arambai ×5 |
| 22:19 | Create | Arambai ×5 |
| 22:20 | Create | Arambai ×5 |
| 22:49 | Build | Outpost |
| 22:56 | Build | Outpost |
| 23:06 | Build | Outpost |
| 23:15 | Build | Outpost |
| 23:18 | Build | Outpost |
| 23:24 | Build | Outpost |
| 24:00 | Build | House |
| 24:03 | Build | House |
| 24:05 | Build | House |
| 24:08 | Build | House |
| 24:11 | Build | House |
| 24:14 | Build | House |
| 24:17 | Build | House |
| 24:24 | Build | House |
| 24:28 | Build | House |
| 24:36 | Create | Villager (Male) ×5 |
| 24:37 | Create | Villager (Male) ×5 |
| 24:37 | Create | Villager (Male) ×5 |
| 24:38 | Create | Villager (Male) ×5 |
| 24:38 | Create | Villager (Male) ×5 |
| 25:23 | Build | Mining Camp |
| 27:50 | Build | Farm |
| 28:26 | Build | Lumber Camp |
| 28:34 | Build | Lumber Camp |
| 28:41 | Build | Lumber Camp |
| 28:50 | Build | Lumber Camp |
| 28:59 | Build | Lumber Camp |
| 32:12 | Create | Monk |
| 32:13 | Create | Monk |
| 33:37 | Build | Castle |
| 33:49 | Build | Farm |
| 34:16 | Build | Mining Camp |
| 34:56 | Build | Castle |
| 36:05 | Build | House |
| 36:08 | Build | House |
Build order — blackadder
First 150 of 318 actions detected
| 0:20 | Build | Town Center |
| 0:22 | Build | Town Center |
| 0:24 | Build | Town Center |
| 0:25 | Build | Town Center |
| 0:27 | Build | Town Center |
| 0:28 | Build | Town Center |
| 0:31 | Build | Town Center |
| 0:32 | Build | Town Center |
| 0:41 | Build | Siege Workshop |
| 0:43 | Build | Siege Workshop |
| 0:46 | Create | Villager (Male) |
| 0:47 | Create | Villager (Male) |
| 0:47 | Create | Villager (Male) |
| 0:47 | Create | Villager (Male) |
| 0:48 | Create | Villager (Male) |
| 0:48 | Create | Villager (Male) |
| 0:57 | Build | House |
| 0:58 | Build | House |
| 0:59 | Build | House |
| 1:01 | Build | House |
| 1:03 | Build | House |
| 1:06 | Create | Villager (Male) ×5 |
| 1:07 | Create | Villager (Male) ×5 |
| 1:19 | Create | Mangonel ×5 |
| 1:23 | Build | House |
| 1:24 | Build | House |
| 1:26 | Build | House |
| 1:28 | Build | House |
| 1:30 | Create | Villager (Male) ×5 |
| 1:55 | Create | Villager (Male) ×5 |
| 1:55 | Create | Villager (Male) ×5 |
| 1:55 | Create | Villager (Male) ×5 |
| 2:03 | Build | Farm |
| 2:03 | Build | Farm |
| 2:04 | Build | Farm |
| 2:04 | Build | Farm |
| 2:04 | Build | Farm |
| 2:04 | Build | Farm |
| 2:05 | Build | Farm |
| 2:05 | Build | Farm |
| 2:05 | Build | Farm |
| 2:06 | Build | Farm |
| 2:06 | Build | Farm |
| 2:06 | Build | Farm |
| 2:07 | Build | Farm |
| 2:07 | Build | Farm |
| 2:07 | Build | Farm |
| 2:08 | Build | Farm |
| 2:08 | Build | Farm |
| 2:08 | Build | Farm |
| 2:09 | Build | Farm |
| 2:09 | Build | Farm |
| 2:09 | Build | Farm |
| 2:10 | Build | Farm |
| 2:10 | Build | Farm |
| 2:10 | Build | Farm |
| 2:11 | Build | Farm |
| 2:11 | Build | Farm |
| 2:11 | Build | Farm |
| 2:12 | Build | Farm |
| 2:12 | Build | Farm |
| 2:13 | Build | Farm |
| 2:13 | Build | Farm |
| 2:13 | Build | Farm |
| 2:14 | Build | Farm |
| 2:14 | Build | Farm |
| 2:14 | Build | Farm |
| 2:15 | Build | Farm |
| 2:15 | Build | Farm |
| 2:15 | Build | Farm |
| 2:16 | Build | Farm |
| 2:31 | Create | Villager (Male) ×5 |
| 2:32 | Create | Villager (Male) ×5 |
| 2:32 | Create | Villager (Male) ×5 |
| 2:32 | Create | Villager (Male) ×5 |
| 2:33 | Create | Villager (Male) ×5 |
| 2:39 | Build | House |
| 2:40 | Build | House |
| 3:17 | Create | Villager (Male) ×5 |
| 3:17 | Create | Villager (Male) ×5 |
| 3:17 | Create | Villager (Male) ×5 |
| 3:17 | Create | Villager (Male) ×5 |
| 3:18 | Create | Villager (Male) ×5 |
| 3:27 | Create | Villager (Male) ×5 |
| 3:27 | Create | Villager (Male) ×5 |
| 3:27 | Create | Villager (Male) ×5 |
| 3:28 | Create | Villager (Male) ×5 |
| 3:42 | Create | Villager (Male) ×5 |
| 3:42 | Create | Villager (Male) ×5 |
| 3:42 | Create | Villager (Male) ×5 |
| 3:43 | Create | Villager (Male) ×5 |
| 3:51 | Build | Castle |
| 3:54 | Build | Castle |
| 3:59 | Build | Castle |
| 4:07 | Create | Villager (Male) ×5 |
| 4:07 | Create | Villager (Male) ×5 |
| 4:07 | Create | Villager (Male) ×5 |
| 4:08 | Create | Villager (Male) |
| 4:11 | Build | House |
| 4:15 | Create | Villager (Male) ×5 |
| 4:15 | Create | Villager (Male) ×5 |
| 4:26 | Create | Villager (Male) ×5 |
| 4:27 | Create | Villager (Male) ×5 |
| 4:27 | Create | Villager (Male) ×5 |
| 4:28 | Create | Villager (Male) ×5 |
| 4:28 | Create | Villager (Male) ×5 |
| 4:32 | Build | House |
| 4:33 | Build | House |
| 4:34 | Build | House |
| 5:06 | Create | Villager (Male) ×5 |
| 5:06 | Create | Villager (Male) ×5 |
| 5:07 | Create | Villager (Male) ×5 |
| 5:07 | Create | Villager (Male) ×5 |
| 5:10 | Build | Farm |
| 5:12 | Build | Farm |
| 5:15 | Build | Farm |
| 5:17 | Build | Farm |
| 5:21 | Build | Farm |
| 5:24 | Create | Villager (Male) ×5 |
| 5:24 | Create | Villager (Male) ×5 |
| 5:24 | Create | Villager (Male) ×2 |
| 5:33 | Build | House |
| 5:35 | Build | House |
| 5:38 | Build | House |
| 5:40 | Create | Villager (Male) ×5 |
| 6:06 | Build | Mining Camp |
| 6:09 | Build | House |
| 6:11 | Build | House |
| 6:13 | Build | House |
| 6:15 | Create | Villager (Male) ×5 |
| 6:15 | Create | Villager (Male) ×5 |
| 6:16 | Create | Villager (Male) ×4 |
| 6:56 | Build | Lumber Camp |
| 6:59 | Create | Villager (Male) ×5 |
| 6:59 | Create | Villager (Male) ×5 |
| 6:59 | Create | Villager (Male) ×5 |
| 7:02 | Build | House |
| 7:03 | Build | House |
| 7:42 | Create | Villager (Male) ×5 |
| 7:42 | Create | Villager (Male) ×5 |
| 7:42 | Create | Villager (Male) ×5 |
| 7:42 | Create | Villager (Male) ×3 |
| 7:47 | Build | House |
| 7:55 | Build | Lumber Camp |
| 8:06 | Create | Villager (Male) ×5 |
| 8:07 | Create | Villager (Male) ×4 |
| 8:10 | Build | House |
| 8:18 | Build | Castle |
| 8:44 | Build | Siege Workshop |
| 8:49 | Build | Siege Workshop |
Build order — max-on-war
First 150 of 304 actions detected
| 0:32 | Create | Villager (Male) |
| 0:32 | Create | Villager (Male) |
| 0:32 | Create | Villager (Male) |
| 0:33 | Create | Villager (Male) |
| 0:33 | Create | Villager (Male) |
| 0:33 | Create | Villager (Male) |
| 0:34 | Create | Villager (Male) |
| 0:34 | Create | Villager (Male) |
| 0:34 | Create | Villager (Male) |
| 0:34 | Create | Villager (Male) |
| 0:35 | Create | Villager (Male) |
| 0:35 | Create | Villager (Male) |
| 0:55 | Build | Town Center |
| 1:09 | Build | Town Center |
| 1:29 | Build | Town Center |
| 1:37 | Create | Villager (Male) |
| 1:38 | Create | Villager (Male) |
| 1:58 | Build | Monastery |
| 2:13 | Build | Stone Wall |
| 2:43 | Create | Villager (Male) |
| 2:50 | Build | Farm |
| 3:17 | Build | Town Center |
| 3:20 | Create | Villager (Male) |
| 3:20 | Create | Villager (Male) |
| 3:21 | Create | Villager (Male) |
| 3:21 | Create | Villager (Male) |
| 3:21 | Create | Villager (Male) |
| 3:21 | Create | Villager (Male) |
| 3:22 | Create | Villager (Male) |
| 3:22 | Create | Villager (Male) |
| 3:22 | Create | Villager (Male) |
| 3:22 | Create | Villager (Male) |
| 3:23 | Create | Villager (Male) |
| 3:23 | Create | Villager (Male) |
| 3:23 | Create | Villager (Male) |
| 3:24 | Create | Villager (Male) |
| 3:24 | Create | Villager (Male) |
| 3:29 | Create | Villager (Male) |
| 3:30 | Create | Villager (Male) |
| 3:30 | Create | Villager (Male) |
| 3:31 | Create | Villager (Male) |
| 3:31 | Create | Villager (Male) |
| 3:31 | Create | Villager (Male) |
| 3:32 | Create | Villager (Male) |
| 3:32 | Create | Villager (Male) |
| 3:32 | Create | Villager (Male) |
| 3:33 | Create | Villager (Male) |
| 3:33 | Create | Villager (Male) |
| 3:33 | Create | Villager (Male) |
| 3:34 | Create | Villager (Male) |
| 3:34 | Create | Villager (Male) |
| 3:34 | Create | Villager (Male) |
| 3:39 | Create | Villager (Male) |
| 3:40 | Create | Villager (Male) |
| 3:40 | Create | Villager (Male) |
| 3:40 | Create | Villager (Male) |
| 3:41 | Create | Villager (Male) |
| 3:41 | Create | Villager (Male) |
| 3:41 | Create | Villager (Male) |
| 3:44 | Create | Villager (Male) |
| 3:45 | Create | Villager (Male) |
| 3:45 | Create | Villager (Male) |
| 3:45 | Create | Villager (Male) |
| 3:46 | Create | Villager (Male) |
| 3:46 | Create | Villager (Male) |
| 3:46 | Create | Villager (Male) |
| 3:47 | Create | Villager (Male) |
| 3:47 | Create | Villager (Male) |
| 3:47 | Create | Villager (Male) |
| 3:48 | Create | Villager (Male) |
| 3:48 | Create | Villager (Male) |
| 3:48 | Create | Villager (Male) |
| 3:49 | Create | Villager (Male) |
| 3:49 | Create | Villager (Male) |
| 3:49 | Create | Villager (Male) |
| 4:10 | Build | Siege Workshop |
| 4:20 | Create | Villager (Male) |
| 4:23 | Build | Farm |
| 4:28 | Create | Monk |
| 4:29 | Create | Monk |
| 4:29 | Create | Monk |
| 4:35 | Create | Monk |
| 4:42 | Build | Building 673 |
| 6:34 | Build | Barracks |
| 7:01 | Build | Farm |
| 7:03 | Build | Farm |
| 7:05 | Build | Farm |
| 7:06 | Create | Villager (Male) |
| 7:06 | Create | Villager (Male) |
| 7:15 | Build | Castle |
| 7:20 | Create | Mangonel |
| 7:21 | Create | Mangonel |
| 7:21 | Create | Mangonel |
| 7:36 | Build | House |
| 7:38 | Build | House |
| 7:40 | Build | House |
| 7:41 | Build | House |
| 7:43 | Build | House |
| 7:49 | Build | Farm |
| 7:51 | Build | Farm |
| 7:52 | Build | Farm |
| 7:54 | Build | Farm |
| 7:56 | Build | Farm |
| 8:03 | Build | House |
| 8:04 | Build | House |
| 8:06 | Build | House |
| 8:20 | Create | Militia |
| 8:20 | Create | Militia |
| 8:20 | Create | Militia |
| 8:20 | Create | Militia |
| 8:21 | Create | Militia |
| 8:21 | Create | Militia |
| 8:21 | Create | Militia |
| 8:22 | Create | Militia |
| 8:22 | Create | Militia |
| 8:29 | Build | Barracks |
| 8:53 | Create | Militia |
| 8:54 | Create | Militia |
| 8:54 | Create | Militia |
| 8:54 | Create | Militia |
| 8:55 | Create | Militia |
| 8:55 | Create | Militia |
| 8:55 | Create | Militia |
| 8:56 | Create | Militia |
| 8:57 | Create | Militia |
| 8:57 | Create | Militia |
| 8:57 | Create | Militia |
| 8:58 | Create | Militia |
| 9:04 | Build | Barracks |
| 9:28 | Create | Militia |
| 9:28 | Create | Militia |
| 9:28 | Create | Militia |
| 9:28 | Create | Militia |
| 9:29 | Create | Militia |
| 9:29 | Create | Militia |
| 9:29 | Create | Militia |
| 9:30 | Create | Militia |
| 9:30 | Create | Militia |
| 9:30 | Create | Militia |
| 9:30 | Create | Militia |
| 9:31 | Create | Militia |
| 9:31 | Create | Militia |
| 9:31 | Create | Militia |
| 9:32 | Create | Militia |
| 9:32 | Create | Militia |
| 9:49 | Build | Siege Workshop |
| 9:59 | Create | Monk |
| 9:59 | Create | Monk |
| 10:15 | Build | Farm |
| 10:17 | Build | Farm |
Build order — acetin30
First 150 of 579 actions detected
| 0:36 | Build | Stone Wall |
| 0:53 | Build | Lumber Camp |
| 0:58 | Create | Villager (Male) ×5 |
| 0:59 | Create | Villager (Male) ×5 |
| 1:05 | Build | Town Center |
| 1:20 | Build | Market |
| 1:33 | Build | Market |
| 1:38 | Create | Villager (Male) ×5 |
| 1:38 | Create | Villager (Male) ×5 |
| 1:39 | Create | Villager (Male) ×5 |
| 1:39 | Create | Villager (Male) ×5 |
| 1:44 | Create | Villager (Male) |
| 1:45 | Create | Villager (Male) |
| 2:02 | Build | Building 490 |
| 2:25 | Build | House |
| 2:27 | Build | House |
| 2:29 | Build | House |
| 2:30 | Build | House |
| 2:32 | Build | House |
| 2:34 | Build | House |
| 2:35 | Build | House |
| 2:36 | Build | House |
| 2:37 | Build | House |
| 2:39 | Build | House |
| 2:40 | Build | House |
| 2:42 | Build | House |
| 2:44 | Build | House |
| 2:45 | Build | House |
| 2:46 | Build | House |
| 2:52 | Build | House |
| 2:54 | Build | House |
| 2:57 | Build | House |
| 2:58 | Build | House |
| 2:59 | Build | House |
| 3:02 | Build | House |
| 3:03 | Build | House |
| 3:05 | Build | House |
| 3:06 | Build | House |
| 3:07 | Build | House |
| 3:22 | Create | Trade Cart ×5 |
| 3:25 | Create | Trade Cart |
| 3:34 | Create | Trade Cart ×5 |
| 3:43 | Build | Siege Workshop |
| 3:49 | Create | Villager (Male) ×5 |
| 3:58 | Create | Villager (Male) ×5 |
| 4:08 | Build | Mining Camp |
| 4:18 | Create | Villager (Male) |
| 4:18 | Create | Villager (Male) |
| 4:29 | Build | Farm |
| 4:38 | Create | Villager (Male) |
| 5:05 | Build | Castle |
| 5:08 | Create | Mangonel |
| 5:09 | Create | Mangonel |
| 5:09 | Create | Mangonel |
| 5:18 | Build | Farm |
| 5:30 | Build | Farm |
| 5:33 | Build | Farm |
| 5:36 | Build | Farm |
| 5:40 | Build | Farm |
| 5:47 | Build | Farm |
| 5:50 | Build | Farm |
| 5:54 | Build | Farm |
| 5:57 | Create | Villager (Male) |
| 5:57 | Create | Villager (Male) |
| 5:58 | Create | Villager (Male) |
| 6:29 | Create | Mangonel |
| 6:30 | Create | Mangonel |
| 6:41 | Build | Farm |
| 6:46 | Build | Farm |
| 6:52 | Build | Farm |
| 6:55 | Build | Farm |
| 7:01 | Build | Farm |
| 7:05 | Create | Villager (Male) |
| 7:05 | Create | Villager (Male) |
| 7:06 | Create | Villager (Male) |
| 7:15 | Create | Villager (Male) ×5 |
| 7:37 | Build | House |
| 7:38 | Build | House |
| 7:40 | Build | House |
| 7:41 | Build | House |
| 7:42 | Build | House |
| 7:57 | Create | Villager (Male) ×5 |
| 8:06 | Create | Mangonel |
| 8:28 | Build | Monastery |
| 8:44 | Create | War Elephant |
| 8:46 | Create | War Elephant ×5 |
| 8:55 | Build | Castle |
| 8:57 | Create | War Elephant ×5 |
| 8:58 | Create | War Elephant ×5 |
| 9:07 | Build | Mill |
| 9:14 | Create | Villager (Male) |
| 9:23 | Build | Farm |
| 9:26 | Build | Farm |
| 9:33 | Build | Farm |
| 9:37 | Build | Farm |
| 9:40 | Build | Farm |
| 10:06 | Build | House |
| 10:08 | Build | House |
| 10:09 | Build | House |
| 10:10 | Build | House |
| 10:13 | Build | House |
| 10:14 | Build | House |
| 10:15 | Build | House |
| 10:23 | Create | Monk |
| 10:42 | Build | Castle |
| 10:50 | Create | War Elephant ×5 |
| 10:51 | Create | War Elephant ×5 |
| 10:51 | Create | War Elephant ×5 |
| 11:38 | Build | Mining Camp |
| 11:42 | Create | Villager (Male) |
| 11:42 | Create | Villager (Male) |
| 11:43 | Create | Villager (Male) |
| 11:43 | Create | Villager (Male) |
| 11:43 | Create | Villager (Male) |
| 11:54 | Build | House |
| 11:56 | Build | House |
| 11:57 | Build | House |
| 11:58 | Build | House |
| 12:02 | Build | Farm |
| 12:09 | Build | Farm |
| 12:16 | Build | House |
| 12:17 | Build | House |
| 12:27 | Build | Mining Camp |
| 12:57 | Build | Lumber Camp |
| 13:09 | Build | House |
| 13:10 | Build | House |
| 13:12 | Build | House |
| 13:13 | Build | House |
| 13:30 | Build | Siege Workshop |
| 13:32 | Create | War Elephant ×5 |
| 13:32 | Create | War Elephant ×5 |
| 13:32 | Create | War Elephant ×5 |
| 13:37 | Create | War Elephant ×5 |
| 13:37 | Create | War Elephant ×5 |
| 13:38 | Create | War Elephant ×5 |
| 13:38 | Create | War Elephant ×5 |
| 14:45 | Create | War Elephant ×5 |
| 14:45 | Create | War Elephant ×5 |
| 14:45 | Create | War Elephant ×5 |
| 14:46 | Create | War Elephant ×3 |
| 14:51 | Create | Bombard Cannon ×5 |
| 14:52 | Create | Bombard Cannon ×5 |
| 14:52 | Create | Bombard Cannon ×5 |
| 14:52 | Create | Bombard Cannon ×5 |
| 14:53 | Create | Bombard Cannon ×5 |
| 14:53 | Create | Bombard Cannon ×5 |
| 15:15 | Build | House |
| 15:16 | Build | House |
| 15:17 | Build | House |
| 15:18 | Build | House |
Match timeline
| 0:34 | isaylemon · wall_segment Stone Wall x26 |
| 0:36 | acetin30 · wall_segment Stone Wall x16 |
| 0:41 | blackadder · first_building Siege Workshop |
| 0:42 | nff · first_market_buy 100 stone |
| 0:43 | nff · first_market_sell 100 food |
| 0:45 | isaylemon · first_market_buy 500 stone |
| 0:47 | isaylemon · first_market_sell 500 food |
| 1:10 | nff · wall_segment Stone Wall x18 |
| 1:13 | isaylemon · first_building Castle |
| 1:58 | max-on-war · first_building Monastery |
| 2:13 | max-on-war · wall_segment Stone Wall x17 |
| 3:43 | acetin30 · first_building Siege Workshop |
| 3:51 | blackadder · first_building Castle |
| 4:07 | nff · first_building Monastery |
| 4:10 | max-on-war · first_building Siege Workshop |
| 5:05 | acetin30 · first_building Castle |
| 5:59 | cyril.gueix · first_building Stable |
| 6:11 | cyril.gueix · first_building Siege Workshop |
| 6:24 | RogueBongo1669 · first_building Castle |
| 6:34 | max-on-war · first_building Barracks |
| 6:41 | cyril.gueix · first_building Monastery |
| 6:43 | nff · first_building Siege Workshop |
| 7:15 | max-on-war · first_building Castle |
| 7:29 | m9a526 · first_building Monastery |
| 7:32 | RogueBongo1669 · first_building Siege Workshop |
| 8:28 | acetin30 · first_building Monastery |
| 8:42 | cyril.gueix · first_building Archery Range |
| 9:00 | isaylemon · first_building Siege Workshop |
| 9:24 | m9a526 · first_building Castle |
| 9:55 | nff · first_building Barracks |
| 10:48 | RogueBongo1669 · first_building Archery Range |
| 11:28 | blackadder · first_building Donjon |
| 12:29 | nff · first_building Castle |
| 13:21 | nff · first_building Archery Range |
| 20:27 | RogueBongo1669 · first_market_buy 100 stone |
| 20:56 | m9a526 · wall_segment Stone Wall x7 |
| 23:15 | blackadder · resign |
| 26:02 | RogueBongo1669 · first_building Stable |
| 37:24 | acetin30 · first_building Barracks |
| 39:48 | acetin30 · first_building Stable |
| 41:27 | m9a526 · first_building Siege Workshop |
| 41:41 | nff · first_building Stable |
| 47:12 | cyril.gueix · first_building Castle |
| 52:24 | nff · wall_segment Stone Wall x26 |
| 53:50 | nff · wall_segment Stone Wall x24 |
| 74:37 | nff · wall_segment Stone Wall x17 |
[ AI ANALYSIS · 1 CREDIT ]
What really happened in this match?
Wolo.gg analyzes every decision: build order, eco, micro, common mistakes by bracket. Personalized analysis on WhatsApp or Discord in 30 seconds.
Civ guide
Hindustanis
Map guide
Amazon Tunnel
Perfil
RogueBongo1669